 Dungeon Crawl Stone Soup version 0.18-a0-337-g1235303 (webtiles) character file.

285 FishmanTm the Changer (level 6, -5/43 HPs)
             Began as a Merfolk Transmuter on Nov 28, 2015.
             Slain by Natasha (8 damage)
             ... on level 3 of the Dungeon.
             The game lasted 00:04:49 (2449 turns).

FishmanTm the Changer (Merfolk Transmuter)          Turns: 2449, Time: 00:04:50

Health: -5/43      AC:  2    Str: 10    XL:     6   Next: 29%
Magic:  6/9        EV: 13    Int: 14    God:
Gold:   56         SH:  0    Dex: 15    Spells: 3 memorised, 3 levels left

rFire  . . .     SeeInvis .       - Unarmed
rCold  . . .     Clarity  .     b - +0 robe
rNeg   . . .     SustAt   .     (no shield)
rPois  .         Gourm    .     (no helmet)
rElec  .         Spirit   .     (no cloak)
rCorr  +         Warding  .     (no gloves)
rMut   .         Stasis   .     (no boots)
MR     .....                    w - amulet of resist corrosion
Stlth  +.........               (no ring)
                                (no ring)

@: slowed, very slow, not resistant to hostile enchantments, very unstealthy
A: change form in water, swift swim
a: no special abilities


You were on level 3 of the Dungeon.
You were not hungry.

You visited 1 branch of the dungeon, and saw 3 of its levels.

You collected 56 gold pieces.

Inventory:

Missiles
 a - 47 arrows
Armour
 b - a +0 robe (worn)
Jewellery
 f - an uncursed ring of positive energy {unknown}
 k - a +3 ring of slaying {unknown}
 u - an uncursed ring of see invisible {unknown}
 w - an amulet of resist corrosion (around neck)
Scrolls
 l - 2 scrolls of identify
 m - 2 scrolls of remove curse
Potions
 e - a potion of degeneration {unknown}
 h - a potion of haste {unknown}
 i - a potion of agility
 j - a potion of magic {unknown}
 o - a potion of might {unknown}
 q - a potion of ambrosia
 t - a potion of heal wounds {unknown}
 v - a potion of poison {unknown}
Books
 c - a book of Changes

   Spells                             Type                      Level
   a - Beastly Appendage              Transmutation                1
   b - Sticks to Snakes               Transmutation                2
   c - Spider Form                    Transmutation/Poison         3
   d - Ice Form                       Ice/Transmutation            4
   e - Blade Hands                    Transmutation                5
Comestibles
 d - a bread ration
 g - 3 meat rations
 n - 4 fruits
 p - a beef jerky
 s - 8 chunks of flesh


   Skills:
 + Level 1.4 Fighting
 - Level 2.6 Dodging
 + Level 4.7 Unarmed Combat
 - Level 2.0 Spellcasting
 - Level 7.2 Transmutations


You had 3 spell levels left.
You knew the following spells:

 Your Spells              Type           Power        Failure   Level  Hunger
a - Beastly Appendage     Trmt           ###...       1%          1    ##.....
b - Sticks to Snakes      Trmt           ###.....     1%          2    ###....
c - Spider Form           Trmt/Pois      ##........   17%         3    ####...


Dungeon Overview and Level Annotations

Branches:
Dungeon (3/15)

Altars:

Annotations:
D:3 Natasha


Message History

Natasha zaps a wand.
The magic dart hits you!
* * * LOW HITPOINT WARNING * * *
You hit Natasha.
Natasha is almost dead.
The crimson imp hits you but does no damage.
Natasha zaps a wand.
The magic dart hits you!
* * * LOW HITPOINT WARNING * * *
The crimson imp closely misses you.
Unknown command.
You hit Natasha but do no damage.
Natasha is almost dead.
Natasha looks more healthy.
Natasha zaps a wand.
The magic dart hits you!
* * * LOW HITPOINT WARNING * * *
The crimson imp blinks!
Unknown command.
Unknown command.
You closely miss Natasha.
Natasha is almost dead.
Natasha claws you!
You die...

..................
######............
#............
#...##.######
#######...##.#
#..5......##.#
###.###.#.##.#
####.#....##....#.#
.......@..#####.#.#
####.#.h..# .#.# #
#.#.## ...# #.#..
.. #.#... #.#....
#. .##.# #. .# .#


You could see Natasha and a crimson imp.

Vanquished Creatures
  Grinder (D:2)
  An orc wizard (D:3)
  An ooze (D:2)
  A giant gecko (D:2)
  6 orcs (D:3)
  A bat (D:1)
  4 giant cockroaches
  3 hobgoblins
  7 jackals
  6 kobolds
  A quokka (D:2)
  2 giant newts (D:1)
  8 goblins
  4 rats
46 creatures vanquished.

Vanquished Creatures (collateral kills)
  2 bats (D:1)
  A giant newt (D:1)
3 creatures vanquished.

Grand Total: 49 creatures vanquished

Notes
Turn   | Place    | Note
--------------------------------------------------------------
     0 | D:1      | FishmanTm the Merfolk Transmuter began the quest for the Orb.
     0 | D:1      | Reached XP level 1. HP: 15/15 MP: 3/3
   459 | D:1      | Reached XP level 2. HP: 16/21 MP: 5/5
   465 | D:1      | Learned a level 2 spell: Sticks to Snakes
   665 | D:1      | Reached skill level 4 in Unarmed Combat
  1068 | D:1      | Reached XP level 3. HP: 18/26 MP: 6/6
  1075 | D:1      | Learned a level 3 spell: Spider Form
  1461 | D:2      | Found a faded altar to an unknown god.
  1978 | D:3      | Noticed Grinder
  2008 | D:3      | Paralysed by Grinder for 6 turns
  2059 | D:2      | Killed Grinder
  2059 | D:2      | Reached skill level 7 in Transmutations
  2059 | D:2      | Reached XP level 4. HP: 17/32 MP: 3/7
  2059 | D:2      | Reached XP level 5. HP: 19/37 MP: 3/8
  2059 | D:2      | Reached XP level 6. HP: 22/43 MP: 3/9
  2439 | D:3      | Noticed Natasha
  2449 | D:3      | Slain by Natasha

Vault maps used:
D:1:      dpeg_arrival_tiny_k
D:2:      ecumenical_altar_1
D:3:      uniq_natasha, uniq_grinder

Action                   |  1- 3 |  4- 6 || total
-------------------------+-------+-------++-------
Melee: Unarmed           |   129 |    28 ||   157
 Cast: Beastly Appendage |    20 |       ||    20
       Sticks to Snakes  |     3 |     1 ||     4
       Spider Form       |     5 |     4 ||     9
  Use: Scroll            |     4 |     3 ||     7
       Potion            |       |     2 ||     2
 Stab: Sleeping          |       |     1 ||     1
  Eat: Chunk             |     5 |     2 ||     7
